Map: Doraelus Hills

Players

JFlo - Winner!

  • Race: Terran Terran
  • League: Diamond

Biro - Winner!

  • Race: Terran Terran
  • League: Diamond

WingDingz - Winner!

  • Race: Zerg Zerg
  • League: Gold

ERASER

  • Race: Zerg Zerg

winnerxing

  • Race: Terran Terran

Grumm

  • Race: Zerg Zerg
  • League: Gold

VOD

Have the link to the VOD?

Description

Time

  • Played on: Jan. 4, 2016, 2:05 a.m.
  • Length: 9:53
Show
View Real Time Build Order
Export as new Build Order

JFlo Terran - Winner!

Build Orders: Reaper Expand, MMM Bio 

Get SALT Encoding   

  12  0:02  SCV  
  13  0:14  SCV  
  14  0:18  Supply Depot  
  14  0:28  SCV  
  15  0:40  SCV  
  15  0:42  Barracks  
  16  0:46  Refinery  
  16  0:52  SCV  
  18  1:04  SCV  
  19  1:27  Command Center  
  18  1:33  Reaper  
  18  1:38  Orbital Command  
  19  1:52  Barracks  
  19  2:04  SCV  
  20  2:17  Barracks Tech Lab, SCV  
  20  2:20  Barracks  
  21  2:29  SCV  
  22  2:38  Stimpack, SCV  
  22  2:40  Refinery  
  22  2:41  SCV  
  22  2:43  Marine  
  22  2:44  Marine  
  26  2:56  SCV  
  27  2:59  Supply Depot  
  27  3:00  Orbital Command  
  27  3:01  Marine  
  28  3:21  SCV  
  28  3:22  Marine x3  
  28  3:24  Factory  
  28  3:27  SCV  
  33  3:34  Supply Depot, SCV  
  34  3:39  SCV  
  35  3:46  SCV  
  36  3:51  Marine  
  36  3:52  Marine x2  
  36  3:54  SCV  
  40  3:58  SCV  
  41  4:08  Starport  
  41  4:11  Factory Reactor, Barracks Reactor  
  41  4:12  Barracks Reactor  
  41  4:15  Marauder, SCV  
  44  4:18  SCV  
  45  4:29  SCV  
  45  4:30  SCV  
  47  4:42  Combat Shields  
  47  4:57  Factory Tech Lab  
  45  5:19  Marine x5  
  45  5:20  Medivac x2  
  50  5:31  SCV  
  50  5:32  SCV  
  50  5:34  Siege Tank  
  50  5:36  Marine  
  50  5:37  Marine x3  
  50  5:38  Supply Depot  
  50  5:41  Barracks  
  54  5:43  Engineering Bay  
  54  5:48  Supply Depot  
  54  5:50  Supply Depot, Refinery x2  
  54  5:59  Marauder, Marine x4, SCV x2  
  62  6:07  Engineering Bay  
  62  6:11  SCV x2  
  62  6:13  Siege Tank  
  62  6:17  Marine x3, Terran Infantry Weapons Level 1  
  70  6:21  Marauder  
  70  6:23  SCV  
  73  6:41  Marine x4  
  73  6:44  Barracks Reactor  
  73  6:46  Terran Infantry Armor Level 1  
  77  6:47  Barracks x2  
  77  6:48  Liberator x2  
  77  6:55  SCV  
  78  7:05  Marine x2, SCV  
  78  7:06  Marauder  
  89  7:09  SCV  
  89  7:11  Missile Turret  
  89  7:14  Missile Turret  
  89  7:15  Missile Turret  
  90  7:17  Missile Turret, SCV  
  89  7:33  Marine x5  
  89  7:36  Barracks Tech Lab, Barracks Reactor  
  83  7:37  Supply Depot x2  
  83  7:40  Siege Tank  
  83  7:41  SCV  
  87  7:54  Medivac x2, Armory  
  91  8:00  SCV x2  
  84  8:13  Command Center  
  75  8:25  Marine x9  
  75  8:27  Marine  
  73  8:29  Medivac x2  
  70  8:42  Marine x2  
  72  8:49  Marine x2  
  72  8:50  Marine x6  
  80  9:00  Marine x2  
  82  9:07  Marine x4  
  82  9:08  Marauder, Marine x2  
  82  9:09  Marauder  
  92  9:18  Marine x2  
  99  9:25  Marine x4  
Show
View Real Time Build Order
Export as new Build Order

Biro Terran - Winner!

Build Orders: MMM Bio 

Get SALT Encoding   

  12  0:01  SCV  
  13  0:13  SCV  
  14  0:18  Supply Depot  
  14  0:25  SCV  
  15  0:39  SCV  
  16  0:46  Barracks  
  16  0:51  SCV  
  16  0:56  Barracks  
  17  1:04  SCV  
  18  1:17  SCV  
  19  1:30  SCV  
  20  1:37  Marine  
  21  1:43  Command Center  
  21  1:44  Refinery  
  21  1:48  Marine  
  21  1:54  Orbital Command  
  22  1:58  Refinery  
  22  2:02  Marine  
  23  2:12  Supply Depot  
  23  2:28  Barracks Tech Lab  
  23  2:33  Marine, SCV  
  23  2:36  Supply Depot  
  25  2:46  Factory, SCV  
  26  2:51  Marine  
  26  2:55  Orbital Command  
  26  2:58  SCV  
  28  3:04  Stimpack  
  28  3:10  Marauder, SCV  
  28  3:11  Marine  
  32  3:22  SCV x2  
  34  3:31  Marauder  
  34  3:32  Barracks  
  36  3:34  SCV  
  36  3:38  Factory Reactor  
  36  3:39  SCV  
  38  3:47  SCV  
  39  3:51  SCV  
  40  3:57  Starport  
  40  3:59  Marauder, Barracks Reactor  
  42  4:05  SCV  
  42  4:09  Engineering Bay, SCV  
  44  4:16  Supply Depot, Widow Mine  
  44  4:17  SCV  
  44  4:20  Widow Mine  
  44  4:21  Marine, SCV  
  51  4:29  SCV  
  52  4:35  Supply Depot  
  52  4:37  Starport Reactor, SCV  
  53  4:39  Marine  
  53  4:42  Terran Infantry Weapons Level 1  
  53  4:45  Supply Depot  
  54  4:46  Supply Depot  
  54  4:48  SCV  
  54  4:50  Refinery  
  55  4:54  Widow Mine x2  
  55  4:58  Marauder  
  61  5:04  SCV x2  
  63  5:08  Barracks Tech Lab  
  63  5:12  Marine  
  63  5:13  Marine  
  65  5:16  Combat Shields, SCV  
  65  5:19  Marauder  
  68  5:24  SCV  
  69  5:40  Marauder  
  70  6:00  SCV x2  
  70  6:03  Medivac  
  70  6:04  Medivac, Widow Mine x2  
  75  6:05  Marauder  
  75  6:08  Marine x3  
  77  6:13  Barracks  
  77  6:15  Barracks  
  66  6:20  Barracks  
  66  6:21  Barracks  
  62  6:27  Marauder, SCV  
  62  6:29  Missile Turret  
  62  6:32  Missile Turret  
  63  6:34  Refinery  
  63  6:35  Missile Turret  
  63  6:37  Marauder, Marine x2  
  67  6:42  Medivac, Widow Mine x2  
  71  6:48  Marauder  
  73  6:54  Marine  
  73  6:55  Marine  
  73  6:58  Marauder  
  77  7:09  Marauder, Barracks Reactor x3  
  77  7:10  Barracks Tech Lab  
  77  7:12  Marine x2  
  81  7:19  Widow Mine  
  81  7:20  Marauder  
  85  7:23  Command Center  
  85  7:25  Supply Depot  
  85  7:26  Supply Depot  
  85  7:28  Supply Depot  
  85  7:29  Supply Depot  
  85  7:30  Supply Depot, Marine  
  85  7:36  Concussive Shells  
  86  7:45  Medivac, Marauder, Widow Mine, Marine x3  
  86  7:47  Missile Turret  
  86  7:48  Marine  
  86  7:51  Terran Infantry Armor Level 1  
  96  7:54  Missile Turret  
  96  7:57  Missile Turret, Armory  
  96  8:03  Marine x3  
  99  8:17  Marine x5  
  99  8:19  Engineering Bay  
  104  8:24  Armory  
  104  8:28  Medivac x2, Widow Mine x2  
  112  8:35  Orbital Command  
  112  9:10  SCV x2  
  112  9:14  Orbital Command  
  114  9:25  Marine x5  
  114  9:27  Command Center  
  114  9:30  Missile Turret  
  119  9:31  Missile Turret  
  119  9:32  Marine x2  
  119  9:33  Marine  
  132  9:52  Missile Turret  
Show
View Real Time Build Order
Export as new Build Order

WingDingz Zerg - Winner!

Build Orders: Hatch First 

Get SALT Encoding   

  12  0:01  Drone  
  13  0:13  Overlord  
  13  0:21  Drone  
  14  0:37  Drone  
  15  0:50  Extractor  
  15  0:51  Drone  
  15  0:55  Drone  
  16  1:00  Drone  
  16  1:01  Hatchery  
  16  1:08  Drone  
  17  1:20  Spawning Pool  
  17  1:22  Drone  
  17  1:29  Drone  
  18  1:42  Drone  
  18  1:46  Overlord  
  19  2:06  Zergling x2  
  19  2:07  Queen  
  22  2:10  Spine Crawler  
  22  2:11  Zergling x2  
  22  2:14  Drone  
  23  2:16  Metabolic Boost  
  23  2:18  Drone  
  25  2:30  Zergling x2  
  25  2:33  Queen  
  25  2:34  Drone  
  28  2:41  Zergling x2  
  28  2:43  Drone  
  30  2:48  Drone  
  31  2:57  Drone, Spore Crawler  
  31  3:00  Drone  
  31  3:02  Zergling x2  
  33  3:09  Burrow  
  33  3:24  Drone x2  
  35  3:27  Zergling x2  
  35  3:28  Overlord x3  
  35  3:32  Extractor  
  35  3:36  Drone, Evolution Chamber  
  35  3:41  Zergling x2  
  36  3:43  Overlord  
  36  3:46  Lair  
  36  3:51  Zergling x2  
  36  3:53  Zergling x4  
  39  3:58  Zergling x6  
  42  4:07  Zergling x2  
  42  4:09  Zergling x4  
  45  4:13  Zergling x2  
  46  4:18  Zergling x2, Zerg Melee Weapons Level 1  
  47  4:31  Baneling Nest  
  39  4:57  Zergling x4  
  39  4:58  Zergling x4  
  38  5:07  Drone x2, Zergling x4  
  38  5:08  Drone  
  38  5:18  Zergling x8  
  40  5:22  Drone  
  40  5:24  Extractor  
  40  5:32  Zergling x2  
  41  5:37  Zergling x2  
  42  5:45  Zergling x4  
  44  5:54  Centrifical Hooks  
  44  5:57  Zergling x6  
  46  6:19  Zergling x6  
  46  6:24  Zergling x6, Spore Crawler x2  
  48  6:27  Zergling x6  
  48  6:28  Zergling x8  
  53  6:36  Zergling x2  
  53  6:39  Zergling x2  
  51  6:51  Spore Crawler  
  51  6:53  Zergling x6  
  51  6:54  Zergling x2  
  54  7:03  Pneumatized Carapace  
  54  7:04  Hydralisk Den  
  54  7:08  Drone x3, Spore Crawler  
  55  7:09  Zergling x4  
  55  7:10  Drone  
  55  7:13  Drone  
  55  7:14  Baneling  
  55  7:15  Baneling x2  
  59  7:16  Baneling x2  
  59  7:27  Zergling x6  
  62  7:44  Zergling x4  
  63  7:46  Overlord x2  
  63  7:47  Overlord x2  
  64  7:51  Extractor  
  64  7:54  Spire  
  64  7:57  Drone  
  64  7:58  Drone x3, Spore Crawler  
  66  8:00  Spore Crawler  
  64  8:22  Zergling x2  
  64  8:23  Drone  
  64  8:24  Drone  
  64  8:25  Drone x2  
  63  8:53  Hydralisk x3  
  63  8:55  Hydralisk x2  
  68  8:56  Hydralisk x4  
  63  9:26  Drone x2  
  60  9:33  Spawning Pool  
Show
View Real Time Build Order
Export as new Build Order

ERASER Zerg 

Build Orders: Hatch First 

Get SALT Encoding   

  12  0:01  Drone  
  13  0:09  Drone  
  14  0:17  Overlord  
  14  0:26  Overlord  
  14  0:46  Drone x3  
  17  1:12  Hatchery  
  16  1:20  Spawning Pool  
  16  1:21  Drone x2  
  17  1:25  Extractor  
  17  1:27  Drone  
  17  1:37  Drone  
  18  1:45  Drone  
  19  2:07  Queen  
  21  2:11  Hatchery  
  21  2:14  Drone  
  21  2:15  Drone  
  22  2:21  Drone  
  23  2:27  Metabolic Boost  
  23  2:36  Drone x2  
  25  2:44  Spine Crawler  
  25  2:46  Drone  
  25  2:53  Zergling x6  
  28  3:05  Spore Crawler  
  27  3:06  Drone  
  27  3:08  Drone  
  27  3:12  Burrow  
  29  3:13  Zergling x2  
  30  3:25  Zergling x2  
  30  3:26  Zergling x6  
  34  3:32  Overlord  
  34  3:58  Queen  
  34  3:59  Drone x2  
  34  4:00  Drone  
  40  4:10  Zergling x6  
  40  4:11  Overlord  
  42  4:18  Extractor  
  42  4:21  Drone  
  42  4:24  Extractor  
  41  4:25  Drone  
  42  4:37  Zergling x2  
  43  4:41  Zergling x8  
  43  4:42  Zergling x6  
  48  4:57  Zergling x2  
  48  4:58  Zergling x4  
  48  4:59  Zergling x2  
  45  5:06  Lair  
  37  5:28  Drone x3  
  38  5:30  Zergling x8  
  38  5:31  Zergling x6  
  43  5:44  Overlord x2  
  43  5:45  Queen  
  43  5:49  Extractor  
  44  5:56  Drone x5  
  42  6:08  Zergling x4  
  42  6:09  Zergling x4  
  42  6:10  Zergling x6  
Show
View Real Time Build Order
Export as new Build Order

winnerxing Terran 

Build Orders: Liberator Opening 

Get SALT Encoding   

  12  0:01  SCV  
  13  0:13  SCV  
  14  0:20  Supply Depot  
  14  0:25  SCV  
  15  0:32  Refinery  
  15  0:42  SCV  
  16  0:45  Barracks  
  16  0:54  SCV  
  17  1:06  SCV  
  18  1:18  SCV  
  19  1:31  Orbital Command  
  19  1:35  Barracks Reactor  
  19  1:48  Command Center  
  19  1:57  SCV  
  19  1:59  Factory  
  20  2:04  Refinery  
  20  2:11  Marine x2  
  20  2:13  SCV  
  23  2:19  Supply Depot  
  23  2:40  Marine x2  
  25  2:46  SCV, Factory Tech Lab  
  25  2:49  Starport  
  26  3:00  SCV  
  26  3:03  Orbital Command  
  27  3:07  Marine x2  
  27  3:11  Liberator  
  29  3:16  Barracks  
  29  3:17  SCV  
  30  3:29  SCV  
  30  3:33  SCV  
  34  3:41  SCV  
  34  3:44  Marine x2  
  34  3:45  Siege Tank, SCV  
  41  3:51  Supply Depot  
  41  4:05  Barracks Tech Lab  
  41  4:07  SCV x2  
  41  4:09  Barracks  
  43  4:15  Barracks  
  43  4:20  Starport Reactor  
  43  4:22  Marine x2  
  45  4:32  Marine  
  45  4:33  SCV x2  
  45  4:36  Supply Depot  
  45  4:39  Marine  
  45  4:40  Marine  
  45  4:44  Liberator  
  41  4:55  Marine  
  41  4:57  Marine x2  
  41  4:59  Siege Tank  
  33  5:17  Marine x2  
  33  5:20  SCV x2  
  24  5:32  SCV x2  
  24  5:51  Marine x2, SCV x2  
  24  5:52  Marine  
  26  6:02  Medivac  
  27  6:14  Marine x2  
  27  6:15  SCV x2  
  30  6:32  Marine x2  
Show
View Real Time Build Order
Export as new Build Order

Grumm Zerg 

Build Orders: Hatch First 

Get SALT Encoding   

  12  0:30  Drone  
  13  0:37  Hatchery  
  13  0:42  Drone x2  
  14  1:00  Spawning Pool  
  14  1:04  Drone  
  14  1:08  Extractor  
  14  1:10  Extractor  
  12  1:15  Drone x2  
  14  1:42  Overlord  
  14  1:50  Queen  
  16  2:03  Drone  
  17  2:15  Spine Crawler  
  16  2:19  Drone  
  16  2:22  Drone  
  15  2:40  Drone  
  15  2:41  Spine Crawler  
  15  2:50  Drone x2  
  17  2:55  Drone x2  
  19  3:06  Drone  
  19  3:11  Lair  
  18  3:27  Drone x3  
  21  3:45  Drone x4  
  21  3:46  Drone x2, Extractor  
  26  3:52  Extractor  
  25  3:59  Drone  
  25  4:00  Drone  
  27  4:04  Overlord  
  27  4:14  Spire  
  26  4:19  Spine Crawler  
  26  4:21  Drone  
  26  4:24  Drone x3  
  28  4:26  Overlord  
  29  4:44  Zergling x2  
  29  4:45  Zergling x6  
  32  5:21  Queen  
  32  5:26  Mutalisk x5  
  42  5:29  Overlord  
  42  5:32  Spore Crawler  
  42  5:33  Zerg Flyer Weapons Level 1  
  38  6:13  Mutalisk x4  
  38  6:14  Mutalisk  
  48  6:24  Overlord  
  48  6:25  Overlord  
  48  6:34  Zergling x6  
  51  6:55  Hatchery  
  51  6:58  Hatchery, Overlord x2  
  51  6:59  Overlord x2  
  49  7:02  Queen  
  49  7:04  Queen  
  49  7:07  Metabolic Boost  
  53  7:16  Overlord x3  
  53  7:17  Mutalisk x5  
  63  7:53  Mutalisk x2  
  63  7:54  Mutalisk x9  
  64  8:21  Mutalisk x7  
  76  8:28  Zergling x14  
  65  8:56  Mutalisk x4  
  65  8:57  Mutalisk  
  73  9:17  Mutalisk  
  73  9:18  Mutalisk  
  73  9:20  Zergling x2  
  73  9:21  Zergling x12  
Tags
 
Add a new tag
Caveats
  • Supply blocks, unpowered buildings, or Contaminate may cause inaccurate times.
  • Supply counts are checked every 10 seconds.